 Dungeon Crawl Stone Soup version 0.31-a0-4-gefa6de2278 (webtiles) character file.

Game seed: 478117005136358023

57276 NinjaNoafa the Thaumaturge (level 15, -13/120 HPs)
             Began as a Human Ice Elementalist on May 3, 2023.
             Was a High Priest of Vehumet.
             Killed from afar by a lich (76 damage)
             ... with a bolt of cold
             ... on level 1 of the Abyss.
             The game lasted 01:12:14 (20459 turns).

NinjaNoafa the Thaumaturge (HuIE)                  Turns: 20459, Time: 01:12:15

Health: -13/120    AC: 13    Str:  9    XL:     15   Next: 25%
Magic:  2/31       EV: 19    Int: 26    God:    Vehumet [*****.]
Gold:   584        SH:  0    Dex: 13    Spells: 6/38 levels left

rFire   . . .        a - staff of conjuration
rCold   . . .        (no shield)
rNeg    . . .        i - +0 troll leather armour
rPois   .            w - +2 hat {Int+3}
rElec   .            (no cloak)
rCorr   .            f - +2 pair of gloves
SInv    +            U - +2 pair of boots
Will    +....        I - amulet of faith
Stlth   ++           s - ring of see invisible
HPRegen 1.20/turn    V - +5 ring of evasion
MPRegen 0.22/turn

%: faith
@: very slightly contaminated, studying 2 skills
A: no striking features
a: Renounce Religion


You were on level 1 of the Abyss.
You worshipped Vehumet.
Vehumet was extremely pleased with you.
You visited 4 branches of the dungeon, and saw 20 of its levels.
You visited the Abyss 1 time.
You also visited: Ossuary and Bailey.

You collected 1114 gold pieces.
You spent 530 gold pieces at shops.

Inventory:

Missiles
 L - 11 curare-tipped darts
Armour
 f - a +2 pair of gloves (worn)
 i - a +0 troll leather armour (worn)
 w - a +2 hat of intelligence (worn)
 U - a +2 pair of boots (worn)
Magical Staves
 a - a staff of conjuration (weapon)
 b - a staff of cold
Jewellery
 s - a ring of see invisible (left hand)
 y - a ring of protection from fire
 I - an amulet of faith (around neck)
 O - the ring of Yciliv {*Slow +Blink rPois rF+ rC+}
   (You found it on level 9 of the Dungeon)

   [ring of protection from cold]

   rF:        It protects you from fire.
   rC:        It protects you from cold.
   rPois:     It protects you from poison.
   +Blink:    It lets you blink.
   *Slow:     It may slow you when you take damage.
 R - a ring of flight
 V - a +5 ring of evasion (right hand)
 W - a ring of resist corrosion
Wands
 p - a wand of digging (1)
 q - a wand of roots (20)
 H - a wand of mindburst (2)
 J - a wand of polymorph (5)
 K - a wand of charming (6)
 N - a wand of flame (2)
Scrolls
 d - 6 scrolls of vulnerability
 g - a scroll of brand weapon {unknown}
 h - 2 scrolls of amnesia
 m - 3 scrolls of poison
 t - 8 scrolls of blinking
 u - 6 scrolls of teleportation
 v - 4 scrolls of magic mapping
 z - 9 scrolls of fear {unknown}
 A - 2 scrolls of torment {unknown}
 D - 2 scrolls of immolation {unknown}
 F - 2 scrolls of butterflies
 G - 9 scrolls of fog {unknown}
 Y - 4 scrolls of enchant weapon {unknown}
Potions
 e - 2 potions of resistance
 j - 8 potions of heal wounds
 k - 2 potions of cancellation
 l - a potion of invisibility
 n - 4 potions of attraction
 o - 5 potions of flight
 r - 8 potions of curing
 x - a potion of might
 B - 4 potions of degeneration
 C - 2 potions of mutation
 E - 3 potions of ambrosia
 M - 4 potions of lignification
 P - 7 potions of brilliance
 S - 5 potions of magic
 T - 2 potions of haste
 Z - a potion of berserk rage {unknown}
Miscellaneous
 c - a box of beasts (inert)
 Q - a phial of floods
 X - a lightning rod (4/4)


   Skills:
 - Level 12.0 Fighting
 - Level 4.0 Axes
 - Level 6.4 Staves
 - Level 4.0 Armour
 - Level 8.0 Dodging
 - Level 2.1 Stealth
 + Level 12.3 Spellcasting
 + Level 5.2 Conjurations
 - Level 4.0 Hexes
 - Level 4.0 Summonings
 + Level 5.2 Fire Magic
 - Level 9.0 Ice Magic
 - Level 4.0 Air Magic
 - Level 8.0 Evocations


You had 6 spell levels left.
You knew the following spells:

 Your Spells              Type           Power      Damage    Failure   Level
a - Freezing Cloud        Conj/Ice/Air   31%        6-21      3%          5
b - Frozen Ramparts       Ice            100%       1d16      1%          3
c - Ozocubu's Armour      Ice            58%        N/A       1%          3
d - Summon Ice Beast      Ice/Summ       49%        N/A       3%          4
e - Starburst             Conj/Fire      29%        6d9       22%         6
f - Sticky Flame          Conj/Fire      59%        2d7       1%          4
g - Swiftness             Air            36%        N/A       2%          3
h - Summon Guardian Gole  Hex/Summ       36%        N/A       2%          3
i - Freeze                Ice            100%       1d10      1%          1

Your spell library contained the following spells:

 Spells                   Type           Power      Damage    Failure   Level
 Shock                    Conj/Air       100%       1d9       1%          1
 Summon Small Mammal      Summ           100%       N/A       1%          1
 Ensorcelled Hibernation  Hex/Ice        98%        N/A       1%          2
 Poisonous Vapours        Pois/Air       52%        N/A       1%          2
 Mephitic Cloud           Conj/Pois/Air  47%        N/A       1%          3
 Call Canine Familiar     Summ           36%        N/A       2%          3
 Airstrike                Air            18%        2d(3-19)  2%          4
 Apportation              Tloc           32%        N/A       4%          1
 Cigotuvi's Dreadful Rot  Necr/Pois/Air  44%        N/A       4%          2
 Ice Form                 Ice/Tmut       39%        N/A       8%          4
 Spider Form              Tmut/Pois      16%        N/A       14%         3
 Anguish                  Hex/Necr       13%        N/A       22%         4
 Dispel Undead            Necr           16%        3d10      43%         4
 Alistair's Intoxication  Tmut/Pois      10%        N/A       80%         5
 Death Channel            Necr           8%         N/A       100%        6


Dungeon Overview and Level Annotations

Branches:
Dungeon (13/15)            Temple (1/1) D:5            Lair (5/5) D:8
  Swamp (0/4) Lair:3       Spider (0/4) Lair:2        Slime (0/5) Lair:4
    Orc (1/2) D:10        Ossuary (visited)          Bailey (visited)
 Vaults: D:13-14

Altars:
Ashenzari
Cheibriados
Dithmenos
Elyvilon
Fedhas
Gozag
Hepliaklqana
Kikubaaqudgha
Makhleb
Nemelex Xobeh
Okawaru
Qazlal
Ru
Sif Muna
Trog
Uskayaw
Vehumet
Wu Jian
Xom
Yredelemnul
Zin
The Shining One
Jiyva

Shops:
D:3 ?**   D:12 *

Portals:
Hell: Lair:5

Annotations:
D:9 exclusion: obsidian statue
D:13 Erolcha


Message History

Unknown command.
Okay, then.
Aiming: Charm
Press: ? - help, Shift-Dir - straight line, f - large abomination
Aim: a large abomination (almost destroyed, not watching you, ally target, chance to affect: 8%)
Okay, then.
Aiming: Polymorph
Press: ? - help, Shift-Dir - straight line, f - you
Okay, then.
Unknown command.
Aiming: Fastroot
Press: ? - help, Shift-Dir - straight line
Okay, then.
Aiming: Mindburst
Press: ? - help, Shift-Dir - straight line, f - you
Okay, then.
Aiming: Fastroot
Press: ? - help, Shift-Dir - straight line, f - lich
Aim: a lich (fast, slightly transparent)
Okay, then.
Unknown command.
Your icy armour and frozen ramparts will break if you move.
Continue?
The lich attacks as you move away!
The lich touches you but does no damage.
Your icy armour cracks and falls away as you move.
The frozen ramparts melt away as you move.
Your ice beast hits the large abomination.
The large abomination is destroyed!
Vehumet accepts your kill. The lich completely misses you.
Unknown command.
Unknown command.
The lich attacks as you move away! The lich misses you.
You swap places.
The lich touches your ice beast.
The lich conjures a glowing orb.
The wavering orb of destruction weakly hits your ice beast!!
The lich casts a spell at you. The bolt of cold misses your ice beast.
The bolt of cold hits you!!!!
Ouch! That really hurt!
You die...

### #.#..# #..#
. #..§X # # #
#### #.. ...#
#~.~.
....######.....
# #..#..##..
#.#..#....#
#........## .
#...@.### .
###.HY..#
#...#..L#.#
##..#..##...
#.##§###..#..
#. #.# .#. .# #
... .... .. .#.
.. .. # .# ...


You could see a lich (fast, invisible), a friendly juvenile shockfire beast
(summoned) and a friendly ice beast (summoned).

Vanquished Creatures
  A tentacled starspawn (Abyss:1)
  6 hydras
  A catoblepas (D:10)
  A centaur warrior (D:12)
  2 two-headed ogres (D:11)
  Sonja (D:10)
  A sun demon (Lair:5)
  A skeletal warrior (D:11)
  2 skysharks
  An orb spider (Lair:2)
  2 wizards
  A deep elf pyromancer (D:12)
  An orc knight (D:11)
  An orc sorcerer (Orc:1)
  2 manticores (D:11)
  2 cyclopes
  A guardian serpent (shapeshifter) (D:10)
  3 elephants (Lair:5)
  4 black mambas
  An orange demon (Lair:5)
  An unseen horror (D:11)
  2 torpor snails
  8 cane toads
  8 komodo dragons
  A kobold demonologist (D:12)
  3 rime drakes
  2 ice devils (Lair:5)
  3 red devils (Lair:5)
  A polar bear (Lair:5)
  2 starcursed masses (Abyss:1)
  6 trolls
  A hellwing (Lair:5)
  2 dream sheep
  8 blink frogs
  A slime creature (D:12)
  A shadow (D:12)
  2 wyverns
  2 wraiths
  29 yaks
  3 basilisks
  3 vampire mosquitoes (D:10)
  2 wargs
  2 acid dragons
  6 water moccasins
  2 hell hounds (Lair:5)
  15 orc warriors
  An ice beast (D:6)
  A black bear (D:5)
  7 centaurs
  2 ogres (D:5)
  A wolf (Lair:2)
  2 phantoms
  A kobold brigand (D:11)
  7 bullfrogs
  A scorpion (D:4)
  3 wights (D:9)
  24 killer bees
  A nameless horror (Lair:1)
  An electric eel (D:13)
  A howler monkey (D:9)
  5 hounds
  2 jellies
  A quasit (D:7)
  5 orc priests
  6 iguanas
  9 orc wizards
  3 mummies (Ossuary)
  Robin (D:3)
  5 adders
  3 gnolls
  A shadow imp (D:5)
  A white imp (D:7)
  4 worms (D:2)
  A dart slug (D:5)
  32 orcs
  11 ball pythons
  2 bats
  6 endoplasms
  A giant cockroach (D:1)
  A gnoll zombie (Ossuary)
  13 goblins
  11 hobgoblins
  5 quokkas
  A frilled lizard (D:1)
  A goblin skeleton (D:7)
  2 goblin zombies (Ossuary)
  6 hobgoblin zombies
  19 kobolds
  6 kobold zombies
  An orc skeleton (D:7)
  4 rats
  2 butterflies (Lair:3)
  A starspawn tentacle (Abyss:1)
376 creatures vanquished.

Vanquished Creatures (collateral kills)
  Gastronok (Lair:2)
  A hydra (Lair:5)
  A death yak (Lair:3)
  An orc knight (Bailey)
  A deep elf pyromancer (D:12)
  A harpy (shapeshifter) (D:12)
  An elephant (Lair:5)
  Joseph (D:8)
  3 black mambas
  2 cane toads
  3 komodo dragons
  4 rime drakes
  2 polar bears (Lair:5)
  2 trolls (D:10)
  A large abomination (Abyss:1)
  A blink frog (Lair:5)
  2 wyverns (Lair:1)
  15 yaks
  A wraith (D:10)
  3 basilisks
  A vampire mosquito (D:10)
  2 wargs (D:8)
  A hell hound (Lair:5)
  4 water moccasins
  5 orc warriors
  A sky beast (D:7)
  7 wolves (Lair:2)
  An ogre (D:6)
  2 centaurs (D:7)
  2 phantoms
  2 kobold brigands
  5 bullfrogs
  2 wights (D:9)
  19 killer bees
  A howler monkey (D:7)
  A hound (D:7)
  4 orc priests (D:8)
  2 starcursed masses (Abyss:1)
  3 gnolls
  A shadow imp (D:8)
  A white imp (D:7)
  9 orcs
  A goblin zombie (D:7)
  2 kobolds (D:9)
  A butterfly (Lair:3)
127 creatures vanquished.

Vanquished Creatures (others)
  An orc warlord (D:10)
  A slime creature (D:12)
  An orc warrior (D:10)
  3 starcursed masses (Abyss:1)
  2 small abominations (Abyss:1)
  An orc wizard (D:11)
  2 orcs (D:10)
  29 fungi
  36 plants
  A starspawn tentacle (Abyss:1)
77 creatures vanquished.

Grand Total: 580 creatures vanquished

Notes
Turn   | Place    | Note
-------+----------+-------------------------------------------
     0 | D:1      | NinjaNoafa the Human Ice Elementalist began the quest for
                  | the Orb.
     0 | D:1      | Reached XP level 1. HP: 13/13 MP: 3/3
   309 | D:1      | Reached XP level 2. HP: 19/19 MP: 5/5
  1010 | D:2      | Reached XP level 3. HP: 5/24 MP: 4/6
  1076 | D:2      | Learned a level 3 spell: Frozen Ramparts
  1080 | D:2      | Learned a level 3 spell: Ozocubu's Armour
  1421 | D:2      | You fall into a shaft and drop 1 floor!
  1461 | D:3      | Noticed Robin
  1469 | D:3      | Reached XP level 4. HP: 22/30 MP: 1/8
  1474 | D:3      | Killed Robin
  1665 | D:3      | Found Yheed's Assorted Antiques.
  1669 | D:3      | Found Pyilona's Magic Scroll Shoppe.
  1673 | D:3      | Bought a glowing amethyst potion for 25 gold pieces
  1673 | D:3      | Bought a scroll labelled VITSOSO UR ZAM for 28 gold pieces
  1859 | D:3      | Found Etudypn's General Store.
  1869 | D:3      | Reached skill level 5 in Ice Magic
  1869 | D:3      | Reached XP level 5. HP: 27/35 MP: 0/10
  1880 | D:3      | Bought a scroll of identify for 20 gold pieces
  2057 | D:3      | Found a hazy altar of Hepliaklqana.
  2215 | D:4      | Reached XP level 6. HP: 41/41 MP: 1/11
  2793 | D:4      | Found a burning altar of Makhleb.
  2794 | D:4      | Found a broken altar of Ashenzari.
  2909 | D:5      | Entered Level 5 of the Dungeon
  2936 | D:5      | Found a staircase to the Ecumenical Temple.
  2949 | Temple   | Entered the Ecumenical Temple
  3030 | Temple   | Became a worshipper of Vehumet
  3069 | D:5      | Identified the +5 hand axe of Moral Flaws {pain, rF+ Will+
                  | Int+3}
  3107 | D:5      | Noticed a black bear
  3117 | D:5      | Killed a black bear
  3118 | D:5      | Reached XP level 7. HP: 16/46 MP: 6/14
  3182 | D:5      | Reached skill level 5 in Spellcasting
  3204 | D:5      | Found a sand-covered staircase.
  3209 | Ossuary  | Entered an ossuary
  3209 | Ossuary  | Noticed a wraith
  3209 | Ossuary  | Noticed a wraith
  3209 | Ossuary  | Noticed a wraith
  3407 | Ossuary  | Noticed a wraith
  3421 | Ossuary  | Killed a wraith
  3717 | Ossuary  | Reached * piety under Vehumet
  3717 | Ossuary  | Offered knowledge of Shock by Vehumet.
  3841 | D:5      | Found a glowing silver altar of Zin.
  3869 | D:5      | Found an opulent altar of Gozag.
  3927 | D:5      | Reached XP level 8. HP: 52/52 MP: 7/16
  4165 | D:5      | Learned a level 4 spell: Summon Ice Beast
  4420 | D:6      | Reached skill level 1 in Summonings
  4761 | D:6      | Reached XP level 9. HP: 41/57 MP: 3/20
  5136 | D:7      | Found a glowing golden altar of the Shining One.
  5137 | D:7      | Found a basalt altar of Yredelemnul.
  5159 | D:7      | Reached ** piety under Vehumet
  5161 | D:7      | Offered knowledge of Scorch by Vehumet.
  5275 | D:7      | Found a flagged portal.
  5285 | Bailey   | Entered a bailey
  5413 | Bailey   | HP: 1/57 [orc warrior/bolt (9)]
  5606 | Bailey   | Reached skill level 10 in Spellcasting
  5700 | Bailey   | Reached skill level 1 in Fighting
  5700 | Bailey   | Reached skill level 1 in Evocations
  5700 | Bailey   | Reached XP level 10. HP: 46/65 MP: 13/24
  5915 | Bailey   | Noticed an orc knight
  5915 | Bailey   | Noticed an orc knight
  6090 | Bailey   | Killed an orc knight
  6327 | D:7      | Found an ornate altar of the Wu Jian Council.
  6541 | D:7      | Offered knowledge of Stone Arrow by Vehumet.
  6549 | D:7      | Reached *** piety under Vehumet
  6597 | D:7      | Found an iron altar of Okawaru.
  6752 | D:7      | Identified the +8 war axe "Wosm" {drain, Dex+5}
  6865 | D:8      | Upgraded the game from 0.31-a0-1-g4198be8af4 to
                  | 0.31-a0-4-gefa6de2278
  6913 | D:8      | Noticed Joseph
  6930 | D:8      | Killed Joseph
  6945 | D:8      | Offered knowledge of Volatile Blastmotes by Vehumet.
  7091 | D:8      | Found a staircase to the Lair.
  7213 | D:8      | Reached skill level 5 in Dodging
  7265 | D:8      | Reached **** piety under Vehumet
  7266 | D:8      | Reached skill level 5 in Fighting
  7332 | D:8      | Reached XP level 11. HP: 65/79 MP: 14/25
  7378 | D:8      | Found a blossoming altar of Fedhas.
  8019 | D:9      | Found a stormy altar of Qazlal.
  8063 | D:9      | Offered knowledge of Iskenderun's Mystic Blast by Vehumet.
  8065 | D:9      | Reached skill level 1 in Axes
  8329 | D:10     | Entered Level 10 of the Dungeon
  8494 | D:9      | Reached skill level 5 in Evocations
  8836 | D:9      | Noticed an elephant
  8878 | D:9      | Found a white marble altar of Elyvilon.
  8917 | D:9      | Reached ***** piety under Vehumet
  8920 | D:9      | Offered knowledge of Irradiate by Vehumet.
  9078 | D:9      | Learned a level 5 spell: Freezing Cloud
  9078 | D:9      | Noticed an obsidian statue
  9085 | D:9      | Identified the ring of Yciliv {*Slow +Blink rPois rF+ rC+}
  9112 | D:9      | Noticed a soul eater
  9378 | Lair:1   | Entered Level 1 of the Lair of Beasts
  9497 | Lair:1   | Reached skill level 1 in Conjurations
  9497 | Lair:1   | Reached skill level 1 in Air Magic
 10034 | Lair:1   | Reached XP level 12. HP: 79/89 MP: 16/26
 10472 | Lair:2   | Noticed a six-headed hydra
 10481 | Lair:2   | Killed a six-headed hydra
 10539 | Lair:2   | Found a hole to the Spider Nest.
 10539 | Lair:2   | Noticed an orb spider
 10544 | Lair:2   | Killed an orb spider
 10950 | Lair:2   | Noticed Gastronok
 10963 | Lair:2   | Killed Gastronok
 11269 | Lair:3   | Noticed a six-headed hydra
 11275 | Lair:3   | Killed a six-headed hydra
 11276 | Lair:3   | Reached XP level 13. HP: 98/98 MP: 13/28
 11982 | Lair:3   | Noticed an eight-headed hydra
 11989 | Lair:3   | Noticed a six-headed hydra
 11994 | Lair:3   | HP: 4/98 [eight-headed hydra (10)]
 11995 | Lair:3   | Killed a six-headed hydra
 11996 | Lair:3   | Killed an eight-headed hydra
 12534 | Lair:3   | Found a staircase to the Swamp.
 12920 | Lair:4   | Reached skill level 10 in Fighting
 13136 | Lair:4   | Found a viscous altar of Jiyva.
 13141 | Lair:4   | Found a staircase to the Slime Pits.
 13583 | Lair:5   | Entered Level 5 of the Lair of Beasts
 13636 | Lair:5   | Reached skill level 1 in Staves
 13679 | Lair:5   | Identified the +1 scale mail "Meuqyava" {Drain Slay+5}
 14318 | Lair:5   | Reached XP level 14. HP: 96/113 MP: 6/30
 15087 | Lair:5   | Found a burning altar of Makhleb.
 15117 | Lair:5   | Offered knowledge of Sticky Flame by Vehumet.
 15296 | Lair:5   | Learned a level 4 spell: Sticky Flame
 15598 | Lair:5   | Found a gateway to Hell.
 16032 | D:9      | Found a snail-covered altar of Cheibriados.
 16270 | D:10     | Noticed Sonja
 16277 | D:10     | Killed Sonja
 16312 | D:10     | Found a staircase to the Orcish Mines.
 16550 | D:10     | Reached skill level 5 in Staves
 16629 | D:10     | Learned a level 3 spell: Swiftness
 16633 | D:10     | Learned a level 3 spell: Summon Guardian Golem
 16818 | D:10     | Found a shimmering blue altar of Sif Muna.
 17042 | D:10     | Reached skill level 1 in Hexes
 17112 | Orc:1    | Entered Level 1 of the Orcish Mines
 17116 | Orc:1    | Noticed an orc warlord
 17278 | D:10     | Killed an orc warlord
 17691 | D:3      | Bought a scroll of butterflies for 44 gold pieces
 17691 | D:3      | Bought a scroll of identify for 22 gold pieces
 17691 | D:3      | Bought a scroll of enchant armour for 82 gold pieces
 17691 | D:3      | Bought a scroll of blinking for 82 gold pieces
 17691 | D:3      | Bought a scroll of vulnerability for 44 gold pieces
 17711 | D:3      | Bought a scroll labelled ZOTUZI QEA for 28 gold pieces
 17748 | D:3      | Bought a potion of brilliance for 40 gold pieces
 17748 | D:3      | Bought a scroll of magic mapping for 75 gold pieces
 17748 | D:3      | Bought a potion of brilliance for 40 gold pieces
 18090 | D:11     | Reached skill level 1 in Armour
 18192 | D:11     | Offered knowledge of Starburst by Vehumet.
 18430 | D:10     | Learned a level 6 spell: Starburst
 18880 | D:11     | Reached XP level 15. HP: 102/120 MP: 31/31
 19252 | D:12     | Found Usme Cama's Elemental Accessories.
 20231 | D:13     | Noticed Erolcha
 20232 | Abyss:1  | Cast into level 1 of the Abyss (Erolcha)
 20392 | Abyss:1  | Noticed a tentacled starspawn
 20401 | Abyss:1  | Killed a tentacled starspawn
 20402 | Abyss:1  | Reached skill level 5 in Conjurations
 20402 | Abyss:1  | Reached skill level 5 in Fire Magic
 20442 | Abyss:1  | Noticed a lich
 20459 | Abyss:1  | Killed from afar by a lich

Illustrated notes

Levels and vault maps discovered:
D:1:      dpeg_arrival_rooms_c, layout_basic
D:2:      layout_basic, kennysheep_generic_room_4
D:3:      layout_loops_cross, mainiacjoe_overflow_alcove_4, serial_shops, shop,
          shop, shop, uniq_robin
D:4:      layout_gridville, gammafunk_temple_overflow_pools
D:5:      layout_basic, pdpol_temple_overflow_zin_treasury_gozag_greed,
          minmay_temple_entry_mini_moons, enter_ossuary_2, nicolae_titane
D:6:      layout_gridville
D:7:      layout_cave_pools, mainiacjoe_overflow_concentric_impassable,
          okawaru_altar_gauntlet_db, lemuel_doored_altar,
          nicolae_tso_besieged_by_evil, enter_bailey_2
D:8:      layout_basic, fedhas_ov_isle_minmay, erik_lair_orcish_takeover,
          uniq_joseph
D:9:      wad_woods_minihive, layout_small_grid,
          nicolae_qazlal_general_emergency, mainiacjoe_overflow_swirl,
          minmay_protected_statue
D:10:     layout_stronghold, nicolae_sif_muna_little_library, orc_0_dummy,
          kennysheep_pointless_box, minmay_fractal_squares_diagonal_5,
          uniq_sonja
D:11:     layout_loops_ring, minmay_misc_feat_doors,
          minmay_mirror_moons_of_madness
D:12:     layout_loops_corners, nicolae_elemental_shop
D:13:     layout_loops_ring, serial_rivers, chequers_serial_rivers_small_3,
          chequers_serial_rivers_room_b, chequers_serial_rivers_small_a,
          chequers_serial_rivers_room_a, chequers_serial_rivers_small_a,
          chequers_serial_rivers_marsh, kennysheep_minor_cross,
          nicolae_wu_jian_wuxing_cycle, uniq_erolcha
Temple:   nicolae_temple_colour_theory
Lair:1:   layout_chaotic_city, guppyfry_lair_drakes, grunt_megastairs_3
Lair:2:   wad_woods_pond, layout_chaotic_city,
          nicolae_spider_entry_orb_guardian, uniq_gastronok
Lair:3:   layout_roguey, palyth_hydra_swamp_entry,
          grunt_forest_large_clearing_hut, infiniplex_staircase_pool_2,
          lemuel_fruit_tree, lemuel_fruit_fields
Lair:4:   layout_roguey, slime_entry_1, small_statue_intersection,
          grunt_megastairs_5
Lair:5:   evil_forest, layout_gridlike, serial_bayou_shore_b
Orc:1:    layout_caves
Abyss:1:  base:
Lair:5

Skill      XL: |  1  2  3  4  5  6  7  8  9 10 11 12 13 14 15 |
---------------+----------------------------------------------+-----
Spellcasting   | 3 4 5 7 10 11 12 | 12.3
Ice Magic      | 5 6 7 8 9 |  9.0
Summonings     | 3 4 |  4.0
Fighting       | 1 5 6 8 11 12 | 12.0
Evocations     | 1 3 5 6 8 |  8.0
Dodging        | 5 6 8 |  8.0
Axes           | 4 |  4.0
Conjurations   | 2 4 5 |  5.2
Air Magic      | 2 4 |  4.0
Staves         | 3 6 |  6.4
Fire Magic     | 4 5 |  5.2
Hexes          | 4 |  4.0
Armour         | 4 |  4.0
Stealth        | |  2.1

Action                     |  1- 3 |  4- 6 |  7- 9 | 10-12 | 13-15 || total
---------------------------+-------+-------+-------+-------+-------++-------
  Melee: Staff             |    16 |     6 |       |    47 |   151 ||   220
         Dagger            |     2 |    25 |       |       |       ||    27
         Hand axe          |       |     2 |    98 |    43 |    15 ||   158
         Punch             |       |     1 |     3 |       |     3 ||     7
  Throw: Boomerang         |       |       |     6 |     2 |       ||     8
   Cast: Freeze            |    30 |    59 |    43 |    33 |     4 ||   169
         Frozen Ramparts   |     5 |     5 |    30 |    40 |    34 ||   114
         Ozocubu's Armour  |     2 |     3 |    21 |    39 |    30 ||    95
         Summon Ice Beast  |       |       |    16 |    67 |    82 ||   165
         Freezing Cloud    |       |       |       |    32 |   105 ||   137
         Sticky Flame      |       |       |       |       |    21 ||    21
         Summon Guardian G |       |       |       |       |    23 ||    23
         Swiftness         |       |       |       |       |     3 ||     3
         Starburst         |       |       |       |       |     7 ||     7
  Evoke: Wand              |     2 |       |     1 |     1 |     5 ||     9
         Phial of floods   |       |       |       |       |     1 ||     1
         Box of beasts     |       |       |       |       |     1 ||     1
    Use: Scroll            |       |     4 |     9 |    11 |    10 ||    34
         Potion            |       |       |     2 |     2 |     1 ||     5
   Stab: Sleeping          |     1 |       |       |       |       ||     1
 Armour: Robe              |     6 |    26 |    64 |    72 |    54 ||   222
         Troll leather arm |       |       |       |       |    50 ||    50
  Dodge: Dodged            |    16 |    62 |   123 |   238 |   349 ||   788

Table legend: (Time is in decaauts)
 A = Elapsed time spent in this place.
 B = Non-inter-level travel time spent in this place.
 C = Inter-level travel time spent in this place.
 D = Time resting spent in this place.
 E = Time spent auto-exploring this place.
 F = Levels seen in this place.
 G = Mean time per level.
                   A        B        C        D        E       F      G
               +--------+--------+--------+--------+--------+-----+--------+
         Total |  20678 |  19145 |   1533 |   3336 |  10770 |  23 |  899.0 |
       Dungeon |  12171 |  11109 |   1062 |   1390 |   6810 |  13 |  936.2 |
        Temple |     95 |     64 |     31 |      0 |      4 |   1 |   95.0 |
          Lair |   6491 |   6053 |    438 |   1123 |   3446 |   5 | 1298.2 |
  Orcish Mines |     20 |     20 |      0 |      0 |      0 |   1 |   20.0 |
         Abyss |    223 |    223 |      0 |    141 |      0 |   1 |  223.0 |
       Ossuary |    581 |    581 |      0 |     87 |    276 |   1 |  581.0 |
        Bailey |   1094 |   1094 |      0 |    594 |    233 |   1 | 1094.0 |
               +--------+--------+--------+--------+--------+-----+--------+

Top non-repeatable levels by time:
  Lair:5: 1888 daAuts
     D:8: 1692 daAuts
    D:10: 1667 daAuts
  Lair:3: 1308 daAuts
     D:9: 1186 daAuts
  Lair:4: 1185 daAuts
  Lair:2: 1121 daAuts
  Bailey: 1094 daAuts
    D:12: 1074 daAuts
    D:11: 988 daAuts
  Lair:1: 987 daAuts
     D:5: 888 daAuts
     D:4: 842 daAuts
     D:3: 803 daAuts
     D:6: 771 daAuts
